 Dungeon Crawl Stone Soup version 0.23-a0-143-g1adec7b (webtiles) character file.

184 grindst0ne the Charlatan (level 5, 0/41 HPs)
             Began as a Human Artificer on Sept 6, 2018.
             Was an Initiate of Ru.
             Slain by an orc priest
             ... wielding a +0 trident
              (7 damage)
             ... on level 3 of the Dungeon.
             The game lasted 00:07:50 (2850 turns).

grindst0ne the Charlatan (Human Artificer)          Turns: 2850, Time: 00:07:51

Health: 0/41       AC:  6    Str: 14    XL:     5   Next: 95%
Magic:  8/8        EV: 12    Int: 11    God:    Ru [......]
Gold:   157        SH:  0    Dex: 13    Spells: 4/4 levels left

rFire    . . .     SeeInvis .   h - +0 flail
rCold    . . .     Gourm    .   (no shield)
rNeg     . . .     Faith    .   b - +0 leather armour
rPois    .         Spirit   .   (no helmet)
rElec    .         Reflect  .   u - +2 cloak {+Inv}
rCorr    .         Harm     .   (no gloves)
MR       +....                  (no boots)
Stlth    +.........             (no amulet)
HPRegen  0.13/turn              n - ring of wizardry
MPRegen  0.11/turn              s - ring of protection from magic

@: no status effects
A: no striking features
a: Renounce Religion, Evoke Invisibility


You were on level 3 of the Dungeon.
You worshipped Ru.
Ru was noncommittal.
You were not hungry.

You visited 1 branch of the dungeon, and saw 3 of its levels.

You collected 157 gold pieces.

Inventory:

Hand Weapons
 h - a +0 flail (weapon)
Armour
 b - a +0 leather armour (worn)
 o - a +0 buckler
 u - a +2 cloak of invisibility (worn)
Jewellery
 n - a ring of wizardry (left hand)
 s - a ring of protection from magic (right hand)
 t - an uncursed ring of wizardry
Wands
 d - a wand of enslavement (15)
 e - a wand of random effects (15)
Scrolls
 g - a scroll of remove curse {unknown}
 i - 2 scrolls of identify {unknown}
 j - a scroll of blinking {unknown}
 l - 2 scrolls of teleportation {unknown}
 m - a scroll of enchant armour {unknown}
 p - a scroll of magic mapping {unknown}
Potions
 a - a potion of curing
 q - a potion of berserk rage {unknown}
 r - 2 potions of mutation {unknown}
 v - a potion of might {unknown}
Comestibles
 f - 6 rations


   Skills:
 + Level 3.4 Fighting
   Level 1.0 Short Blades
 - Level 2.0 Dodging
 - Level 1.0 Stealth
 + Level 1.8 Shields
 + Level 4.5 Evocations


You had 4 spell levels left.
You didn't know any spells.
Your spell library was empty.

Dungeon Overview and Level Annotations

Branches:
Dungeon (3/15)

Altars:
Dithmenos
Nemelex Xobeh
Okawaru
Ru
Wu Jian


Message History

Aim: an orc priest, wielding a trident and wearing a chain mail (severely The puff of flame hits the orc priest.
The orc priest is almost dead.
The orc priest hits you with a trident.
* * * LOW HITPOINT WARNING * * *
Evoke which item? (* to show all) (? for menu, Esc to quit)
Aiming: Throw Flame
Press: ? - help, Shift-Dir - straight line, f/p - orc priest
Aim: an orc priest, wielding a trident and wearing a chain mail (almost dead)
The puff of flame hits the orc priest.
The orc priest is almost dead.
The now-empty wand crumbles to dust.
The orc priest hits you with a trident.
* * * LOW HITPOINT WARNING * * *
All of the chunks of flesh in your inventory have rotted away.
Evoke which item? (* to show all) (? for menu, Esc to quit)
You don't have any such object.
Evoke which item? (* to show all) (? for menu, Esc to quit)
Okay, then.
You feel better. The orc priest hits you with a trident!
You die...

..##.###.## #...........# .
.....# # ###..........##.
..#..# #.............. .##..# #
##._..._......##.# .##..#
#.##................#
.##..###.# #.......⌠........#
.........# ###..........####
###..###########.o_..._......#
#............#@$........##.####
#..............##...####.......
##.##########<.####### #.#.####
#..# #.[##########.#...# #.##
#..#...........)#.# #.#
#..#.########..)†.# #.# #..#.#
#..#.## #.# #..#.# #..#.# #.#
#..#.###### #..#.#


You could see an orc priest.

Vanquished Creatures
  Crazy Yiuf (D:2)
  An orc priest (D:3)
  Jessica (D:2)
  A gnoll (D:1)
  3 adders (D:2)
  An ooze (D:2)
  2 worms
  A leopard gecko (D:3)
  3 orcs
  6 giant cockroaches
  6 goblins
  3 hobgoblins
  6 bats
  5 frilled lizards
  4 kobolds
  6 rats
50 creatures vanquished.

Notes
Turn   | Place    | Note
-------+----------+-------------------------------------------
     0 | D:1      | grindst0ne the Human Artificer began the quest for the Orb.
     0 | D:1      | Reached XP level 1. HP: 15/15 MP: 3/3
     8 | D:1      | Reached XP level 2. HP: 21/21 MP: 4/4
   190 | D:1      | HP: 1/22 [kobold (2)]
   200 | D:1      | Reached XP level 3. HP: 8/27 MP: 5/5
   874 | D:2      | Noticed Terence
   931 | D:2      | Noticed Jessica
   932 | D:2      | Killed Jessica
   932 | D:2      | Reached skill level 4 in Evocations
   932 | D:2      | Reached XP level 4. HP: 34/34 MP: 5/7
  1470 | D:2      | Found a runed door.
  1643 | D:2      | Found a sacrificial altar of Ru.
  1665 | D:2      | Became a worshipper of Ru the Awakened
  1813 | D:2      | Reached XP level 5. HP: 31/41 MP: 8/8
  2053 | D:2      | Noticed Crazy Yiuf
  2062 | D:2      | Killed Crazy Yiuf
  2062 | D:2      | Reached skill level 1 in Shields
  2580 | D:3      | Found a shadowy altar of Dithmenos.
  2585 | D:3      | Found a sparkling altar of Nemelex Xobeh.
  2589 | D:3      | Found an ornate altar of the Wu Jian Council.
  2589 | D:3      | Found an iron altar of Okawaru.
  2849 | D:3      | HP: 1/41 [orc priest/trident (3)]
  2850 | D:3      | Slain by an orc priest

Vault maps used:
D:1:      roderic_crossed_star
D:2:      serial_corexii_hall, corexii_hall_statues_x, corexii_hall_statues_l,
          corexii_hall_statues_l, corexii_hall_statues_l, minivault_27,
          nicolae_ru_sacrificial_ziggurat, uniq_terence,
          uniq_crazy_yiuf_cottage, uniq_jessica
D:3:      grunt_temple_overflow_growth_and_decay, grunt_temple_overflow_open,
          chequers_ecumenical_altar_twisty, first_ration

Skill      XL: |  1  2  3  4  5 |
---------------+----------------+-----
Fighting       | 2 3 |  3.4
Evocations     | 4 |  4.5
Shields        | 1 |  1.8
Short Blades   | |  1.0
Dodging        | |  2.0
Stealth        | |  1.0

Action                   |  1- 3 |  4- 6 || total
-------------------------+-------+-------++-------
Melee: Flail             |    60 |   133 ||   193
Evoke: Wand              |     6 |     9 ||    15
  Use: Potion            |     1 |     3 ||     4
 Stab: Sleeping          |     2 |     1 ||     3
  Eat: Chunk             |       |     6 ||     6
Armor: Leather armour    |    29 |    66 ||    95
Dodge: Dodged            |    58 |   134 ||   192

Table legend:
 A = Non-vault XP
 B = Vault XP
 C = Vault XP percentage of total XP
 D = Non-vault monster count
 E = Vault monster count
 F = Vault count percentage of total count
                 A         B        C        D         E       F
            +---------+---------+-------+---------+---------+-------
      Total |     181 |      82 |  31.2 |      48 |       2 |   4.0
            +---------+---------+-------+---------+---------+-------
        D:1 |      39 |       0 |   0.0 |      17 |       0 |   0.0
        D:2 |      70 |      82 |  53.9 |      16 |       2 |  11.1
        D:3 |      72 |       0 |   0.0 |      15 |       0 |   0.0
            +---------+---------+-------+---------+---------+-------
